 Dungeon Crawl Stone Soup version 0.32-a0-711-g016ad743e0 (webtiles) character file.

Game seed: 15069894718098844035

18 Ruich the Shooter (level 2, -2/24 HPs)
             Began as a Demigod Hunter on Mar 16, 2024.
             Slain by Natasha (4 damage)
             ... on level 2 of the Dungeon.
             The game lasted 00:01:42 (932 turns).

Ruich the Shooter (Demigod Hunter)                   Turns: 932, Time: 00:01:42

Health: -2/24      AC:  3    Str: 12    XL:     2   Next: 36%
Magic:  4/4        EV: 11    Int: 11    God:
Gold:   44         SH:  0    Dex: 17    Spells: 1/1 levels left

rFire   . . .        a - +0 shortbow
rCold   . . .        (shield currently unavailable)
rNeg    . . .        c - +0 leather armour
rPois   .            (no helmet)
rElec   .            (no cloak)
rCorr   .            (no gloves)
SInv    .            (no boots)
Will    .....        (no amulet)
Stlth   ++           (no ring)
HPRegen 0.24/turn    (no ring)
MPRegen 0.09/turn

%: no passive effects
@: no status effects
A: high MP 1, forlorn, divine attributes
a: no special abilities


You were on level 2 of the Dungeon.
You visited 1 branch of the dungeon, and saw 2 of its levels.

You collected 44 gold pieces.


Innate Abilities, Weirdness & Mutations

You have an increased reservoir of magic. (+10% MP)
You shall have no god before yourself.
Your divine heritage dramatically boosts your attributes as you level up.


   Skills:
 + Level 2.0 Fighting
 * Level 3.9 Ranged Weapons
 + Level 2.0 Dodging
 + Level 1.3 Stealth


You had one spell level left.
You didn't know any spells.
Your spell library contained the following spells:

 Spells                   Type           Power      Damage    Failure   Level
 Mercury Vapours          Alch/Air       0%         N/A       56%         2
 Mephitic Cloud           Conj/Alch/Air  0%         N/A       80%         3
 Freezing Cloud           Conj/Ice/Air   0%         6-21      100%        5

Inventory:

Hand Weapons
 a - a +0 shortbow (weapon)
Armour
 c - a +0 leather armour (worn)
Scrolls
 b - a scroll of butterflies
Potions
 e - 2 potions of magic
 f - a potion of attraction {unknown}
 g - a potion of cancellation {unknown}

Dungeon Overview and Level Annotations

Branches:
Dungeon (2/15) Zot: 11047

Annotations:
D:2 Jessica, Natasha

######## #......#
#.###..# #.# #..#
#.# #..# #.# #..#
#.###@## #..<#h#
#.#####5#
........#########
.................
.######..........
#.#.).##...#
#...#..# #.
#....#...


You could see Natasha and a cerulean imp (summoned).


Message History

Natasha barely misses you.
You shoot an arrow. The cerulean imp is moderately wounded.
The cerulean imp misses you. Natasha claws you but does no damage.
The cerulean imp barely misses you.
You shoot an arrow.
Natasha is lightly wounded.
Natasha claws you.
* * * LOW HITPOINT WARNING * * *
The cerulean imp closely misses you.
You shoot an arrow.
Natasha is heavily wounded.
Natasha mumbles some strange words.
Natasha shimmers violently.
Natasha claws you!
* * * LOW HITPOINT WARNING * * *
The cerulean imp closely misses you.
You shoot an arrow. The arrow misses the cerulean imp.
Natasha casts a spell at you. You resist with significant effort.
The cerulean imp barely misses you.
Unknown command.
Unknown command.
Unknown command.
You shoot an arrow.
The arrow closely misses the cerulean imp.
Natasha claws you.
* * * LOW HITPOINT WARNING * * *
The cerulean imp barely misses you. Natasha claws you.
You die...
Natasha begins licking her fur clean.

Skill      XL: |  1  2 |
---------------+-------+-----
Stealth        | 1 |  1.3
Fighting       | 2 |  2.0
Dodging        | 2 |  2.0
Ranged Weapons | |  3.9

Action                     || total
---------------------------++-------
   Fire: Shortbow          ||    59
    Use: Scroll            ||     4
 Armour: Leather armour    ||    19
  Dodge: Dodged            ||    25

Levels and vault maps discovered:
D:1:      lemuel_arrival_rhombus, layout_basic, serial_glass, glass_columns_b,
          glass_columns_c, glass_columns_a, glass_columns_a
D:2:      layout_basic, minivault_26, dreamdust_mushroom_princess, uniq_natasha,
          uniq_jessica

Notes
Turn   | Place    | Note
-------+----------+-------------------------------------------
     0 | D:1      | Ruich the Demigod Hunter began the quest for the Orb.
     0 | D:1      | Reached XP level 1. HP: 17/17 MP: 3/3
    86 | D:1      | Reached skill level 1 in Stealth
   824 | D:2      | Noticed Jessica
   832 | D:2      | Reached skill level 2 in Fighting
   832 | D:2      | Reached XP level 2. HP: 24/24 MP: 4/4
   872 | D:2      | Reached skill level 2 in Dodging
   915 | D:2      | Noticed Natasha
   932 | D:2      | HP: 2/24 [Natasha (4)]
   932 | D:2      | Slain by Natasha

Vanquished Creatures
  A ribbon worm (D:2)
  2 endoplasms (D:2)
  2 giant cockroaches
  A hobgoblin (D:1)
  A kobold (D:2)
  2 frilled lizards (D:1)
  4 goblins (D:1)
  2 rats (D:2)
15 creatures vanquished.

Table legend: (Time is in decaauts)
 A = Elapsed time spent in this place.
 B = Non-inter-level travel time spent in this place.
 C = Inter-level travel time spent in this place.
 D = Time resting spent in this place.
 E = Time spent auto-exploring this place.
 F = Levels seen in this place.
 G = Mean time per level.
                   A        B        C        D        E       F      G
               +--------+--------+--------+--------+--------+-----+--------+
         Total |    951 |    907 |     44 |      0 |    766 |   2 |  475.5 |
       Dungeon |    951 |    907 |     44 |      0 |    766 |   2 |  475.5 |
               +--------+--------+--------+--------+--------+-----+--------+

Top non-repeatable levels by time:
     D:1: 846 daAuts
     D:2: 105 daAuts

Table legend:
 A = Non-vault XP
 B = Vault XP
 C = Vault XP percentage of total XP
 D = Non-vault monster count
 E = Vault monster count
 F = Vault count percentage of total count
                 A         B        C        D         E       F
            +---------+---------+-------+---------+---------+-------
      Total |      27 |       0 |   0.0 |      15 |       0 |   0.0
            +---------+---------+-------+---------+---------+-------
        D:1 |      13 |       0 |   0.0 |       8 |       0 |   0.0
        D:2 |      14 |       0 |   0.0 |       7 |       0 |   0.0
            +---------+---------+-------+---------+---------+-------
